 Dungeon Crawl Stone Soup version 0.27-a0-811-ga052575696 (webtiles) character file.

Game seed: 10998425205161454713

36 EnegeticOcto the Ruffian (level 3, -3/35 HPs)
             Began as a Troll Warper on Mar 29, 2021.
             Succumbed to Sigmund's poison
             ... on level 3 of the Dungeon.
             The game lasted 00:02:02 (494 turns).

EnegeticOcto the Ruffian (Troll Warper)              Turns: 494, Time: 00:02:02

Health: -3/35      AC:  4    Str: 19    XL:     3   Next: 19%
Magic:  3/3        EV:  9    Int: 10    God:
Gold:   27         SH:  0    Dex:  9    Spells: 4/4 levels left

rFire    . . .     SeeInvis .     - Unarmed
rCold    . . .     Faith    .   (no shield)
rNeg     . . .     Spirit   .   a - +0 robe
rPois    .         Reflect  .   (helmet restricted)
rElec    .         Harm     .   (no cloak)
rCorr    .         Rampage  .   (gloves unavailable)
Will     .....                  (boots unavailable)
Stlth    +.........             (no amulet)
HPRegen  1.11/turn              (no ring)
MPRegen  0.08/turn              (no ring)

@: lethally poisoned (-3 -> -18)
A: large, unfitting armour, claws 3, regeneration 1, shaggy fur 1, tough skin 1
a: no special abilities


You were on level 3 of the Dungeon.
You visited 1 branch of the dungeon, and saw 3 of its levels.

You collected 27 gold pieces.

Inventory:

Missiles
 d - 5 boomerangs of dispersal (quivered)
Armour
 a - a +0 robe (worn)
Scrolls
 c - a scroll of blinking {@r4}
 e - a scroll of identify {unknown}
 f - a scroll of immolation {unknown}
Potions
 g - a potion of magic {unknown}


   Skills:
 + Level 2.1 Fighting
 - Level 0.8 Throwing
 - Level 1.9 Dodging
 * Level 3.2 Unarmed Combat
 - Level 1.2 Spellcasting
 - Level 2.1 Translocations


You had 4 spell levels left.
You didn't know any spells.
Your spell library contained the following spells:

 Spells                   Type           Power      Damage    Failure   Level
 Blink                    Tloc           N/A        N/A       21%         2
 Beastly Appendage        Tmut           0%         N/A       34%         1
 Gell's Gravitas          Tloc           2%         N/A       38%         3
 Lesser Beckoning         Tloc           2%         N/A       38%         3
 Teleport Other           Tloc           5%         N/A       38%         3
 Wereblood                Tmut           0%         N/A       45%         2
 Spider Form              Tmut/Pois      0%         N/A       71%         3
 Ice Form                 Ice/Tmut       0%         N/A       98%         4
 Manifold Assault         Tloc           5%         N/A       98%         5
 Blade Hands              Tmut           0%         N/A       100%        5


Dungeon Overview and Level Annotations

Branches:
Dungeon (3/15)

Altars:
Nemelex Xobeh


Innate Abilities, Weirdness & Mutations

You are too large for most types of armour.
You have claws for hands.
Your natural rate of healing is unusually fast.
You are covered in fur. (AC +1)
You have tough skin. (AC +1)


Message History

You claw the bat!
You kill the bat!
No target in view!
No target in view!
No target in view!
No target in view!
No target in view!
No target in view!
You see here a bat corpse.
You now have 27 gold pieces (gained 12).
Found a papyrus book.
You pick up a book of Changes and begin reading...
You add the spells Beastly Appendage, Wereblood, Spider Form, Ice Form and Blade Hands to your library.
You open the door.
There is an open door here.
A bat comes into view.
The bat moves out of view.
An endoplasm comes into view.
The bat closely misses you.
You claw the bat!
You kill the bat!
The endoplasm quivers.
The endoplasm freezes you.
You are frozen.
Found 5 gold pieces.
You barely miss the endoplasm. The endoplasm freezes you.
You are frozen.
You scratch the endoplasm but do no damage.
The endoplasm freezes you.
You are frozen.
You claw the endoplasm!
You kill the endoplasm!
No target in view!
No target in view!
No target in view!
No target in view!
Sigmund the Dreaded comes into view.
He is wielding a +1 scythe of venom and carrying a wand of polymorph (7).
Sigmund shouts!
Sigmund hits you with a +1 scythe of venom.
You are poisoned.
You scratch Sigmund.
Sigmund is lightly wounded.
You feel very sick. Sigmund closely misses you.
You scratch Sigmund.
Sigmund is moderately wounded.
You feel sick.
Sigmund zaps a wand.
You resist with significant effort.
You closely miss Sigmund.
Sigmund is moderately wounded.
You feel sick.
Sigmund hits you with a +1 scythe of venom!
You are more poisoned.
You are too injured to fight recklessly!
You are too injured to fight recklessly!
You barely miss Sigmund.
Sigmund is moderately wounded.
You feel very sick.
Sigmund hits you with a +1 scythe of venom.
* * * LOW HITPOINT WARNING * * *
You are more poisoned.
It was a potion of heal wounds.
You feel much better.
You feel extremely sick. Sigmund closely misses you.
You scratch Sigmund.
Sigmund is moderately wounded.
You feel extremely sick.
Sigmund zaps a wand.
You resist with significant effort.
You claw Sigmund!
Sigmund is heavily wounded.
You feel very sick.
Sigmund hits you with a +1 scythe of venom.
You are lethally poisoned!
You scratch Sigmund.
Sigmund is severely wounded.
* * * LOW HITPOINT WARNING * * *
You feel very sick.
Sigmund zaps a wand.
You resist with significant effort.
Really quaff
b - a potion of heal wounds {@q2 !q}? [Y]es or [N]o only, please.
Really quaff
b - a potion of heal wounds {@q2 !q}?
You feel much better.
You feel very sick.
Sigmund hits you with a +1 scythe of venom!
You barely miss Sigmund.
Sigmund is severely wounded.
You feel very sick.
Sigmund hits you with a +1 scythe of venom!
* * * LOW HITPOINT WARNING * * *
You are lethally poisoned!
You scratch Sigmund.
Sigmund is almost dead.
* * * LOW HITPOINT WARNING * * *
You feel very sick. Sigmund casts a spell at you. The magic dart hits you.
* * * LOW HITPOINT WARNING * * *
You claw Sigmund!
You kill Sigmund!
You die...

###.........#
#.###'##..####
#.###.##......
#.............
..
#####.######.#
.... #####.# .#
....##...†.###
#..........#
#...)@.....#
#..........+
#..........#
#..........#
............#
.##..........#
#..........#
#.....$......
...............


There were no monsters in sight!

Vanquished Creatures
  Sigmund (D:3)
  An adder (D:2)
  A worm (D:2)
  A dart slug (D:2)
  2 endoplasms
  A giant cockroach (D:1)
  A goblin (D:2)
  A hobgoblin (D:1)
  2 jackals (D:2)
  A quokka (D:1)
  2 ball pythons
  4 bats
  4 kobolds
  A rat (D:1)
23 creatures vanquished.

Notes
Turn   | Place    | Note
-------+----------+-------------------------------------------
     0 | D:1      | EnegeticOcto the Troll Warper began the quest for the Orb.
     0 | D:1      | Reached XP level 1. HP: 19/19 MP: 1/1
   176 | D:1      | Reached XP level 2. HP: 28/28 MP: 2/2
   299 | D:2      | Found a sparkling altar of Nemelex Xobeh.
   352 | D:2      | Reached skill level 2 in Fighting
   352 | D:2      | Reached skill level 3 in Unarmed Combat
   384 | D:2      | Reached XP level 3. HP: 35/35 MP: 3/3
   478 | D:3      | Noticed Sigmund
   493 | D:3      | HP: 1/35 [Sigmund/magic dart (2)]
   494 | D:3      | Killed Sigmund
   494 | D:3      | Succumbed to Sigmund's poison

Illustrated notes

Levels and vault maps discovered:
D:1:      tarquinn_simple_flora_water_d, layout_basic
D:2:      layout_loops_ring, nicolae_overflow_hidden_temple
D:3:      layout_basic, lemuel_zombie_altar_kikubaaqudgha, uniq_sigmund

Skill      XL: |  1  2 |
---------------+-------+-----
Fighting       | 2 |  2.1
Unarmed Combat | 3 |  3.2
Throwing       | |  0.8
Dodging        | |  1.9
Spellcasting   | |  1.2
Translocations | |  2.1

Action                   || total
-------------------------++-------
Melee: Unarmed           ||    70
  Use: Potion            ||     2
Armor: Robe              ||    20
Dodge: Dodged            ||    30

Table legend: (Time is in decaauts)
 A = Elapsed time spent in this place.
 B = Non-inter-level travel time spent in this place.
 C = Inter-level travel time spent in this place.
 D = Time resting spent in this place.
 E = Time spent auto-exploring this place.
 F = Levels seen in this place.
 G = Mean time per level.
                   A        B        C        D        E       F      G
               +--------+--------+--------+--------+--------+-----+--------+
         Total |    493 |    490 |      3 |      0 |     19 |   3 |  164.3 |
       Dungeon |    493 |    490 |      3 |      0 |     19 |   3 |  164.3 |
               +--------+--------+--------+--------+--------+-----+--------+

Top non-repeatable levels by time:
     D:2: 258 daAuts
     D:1: 181 daAuts
     D:3: 54 daAuts
